 Dungeon Crawl Stone Soup version 0.30-a0-219-gf2db51d15e (webtiles) character file.

Game seed: 4943131054293799628

24 kae the Ruffian (level 3, 0/30 HPs)
             Began as a Ghoul Gladiator on Oct 7, 2022.
             Slain by a white imp (2 damage)
             ... summoned by Natasha
             ... on level 2 of the Dungeon.
             The game lasted 00:00:27 (417 turns).

kae the Ruffian (Ghoul Gladiator)                    Turns: 417, Time: 00:00:28

Health: 0/30       AC:  4    Str: 19    XL:     3   Next: 2%
Magic:  2/2        EV: 12    Int:  3    God:
Gold:   33         SH:  0    Dex: 10    Spells: 2/2 levels left

rFire   . . .      SeeInvis .      - Unarmed
rCold   + . .      Faith    .    (no shield)
rNeg    + + +      Spirit   .    a - +0 leather armour
rPois   ∞          Reflect  .    b - +0 helmet
rElec   .          Harm     .    (no cloak)
rCorr   .          Rampage  .    (no gloves)
Will    .....                    (no boots)
Stlth   +.........               (no amulet)
HPRegen 0.00/turn                (no ring)
MPRegen 0.08/turn                (no ring)

@: inhibited regen, slowed, very slow
A: claws 1, cold resistance 1, negative energy resistance 3, inhibited
regeneration, torment resistance 2, devour on kill
a: no special abilities


You were on level 2 of the Dungeon.
You visited 1 branch of the dungeon, and saw 2 of its levels.

You collected 33 gold pieces.


Innate Abilities, Weirdness & Mutations

You are immune to poison.
You have sharp fingernails.
Your flesh is cold resistant. (rC+)
You are immune to negative energy. (rN+++)
You do not regenerate when monsters are visible.
You are immune to unholy pain and torment.
You thrive by killing the living.


   Skills:
 + Level 2.7 Fighting
 - Level 1.7 Throwing
 - Level 2.6 Dodging
 * Level 4.1 Unarmed Combat


You had 2 spell levels left.
You didn't know any spells.
Your spell library was empty.

Inventory:

Missiles
 c - 3 throwing nets (quivered) {=f!f}
 d - a javelin
 f - 5 stones
Armour
 a - a +0 leather armour (worn)
 b - a +0 helmet (worn)
Jewellery
 g - an amulet of regeneration
   (You found it on level 1 of the Dungeon)
Scrolls
 h - a scroll of amnesia {unknown}
 i - a scroll of identify {unknown}
Potions
 e - a potion of might {unknown}

Dungeon Overview and Level Annotations

Branches:
Dungeon (1/15) Zot: 11583

Altars:

Annotations:
D:2 Natasha

....#####.....##
##.#
#..............#
#..# .............#
#.## ............#
#.#
##.........#######.#
##..#....###......##
#...#.....##........
#.#..###...#......##
# #@5..#..........#
#h5#.###......>##
....... .......
..##...#......## ...
....#....... ##.#
###.......#. #.
#..### #. ..


You could see Natasha, a white imp (summoned) and a shadow imp (summoned).


Message History

The ball python bites you. The ball python misses you.
You scratch the ball python.
You kill the ball python!
You have reached level 3!
Your experience leads to an increase in your attributes!
Increase (S)trength, (I)ntelligence, or (D)exterity?
You feel stronger. x2 😕 HP[+3] MP[+1]
You now have 30 max hp (+5).
You regained 3 hp, and now have 28/30 hp.
Your mp is fully restored (2).
You see here a ball python corpse.
Key pressed, stopping explore.
No target in view!
No target in view! 😎 HP[+2]
Your hp is fully restored (30).
You now have 15 gold pieces (gained 6).
Found a stone staircase leading down.
You open the large door.
There is a large open door here.
There is a large open door here.
A sourceless malevolence fills the Dungeon...
You fall into a shaft and drop 1 floor!
The shaft crumbles and collapses.
A rat comes into view.
The rat moves out of view.
No target in view!
No target in view!
You see here 9 gold pieces.
A rat is nearby!
A rat is nearby!
The rat misses you.
You closely miss the rat. Your claw misses the rat. You closely miss the rat.
The rat bites you but does no damage.
A rat is nearby!
You claw the rat!
You kill the rat!
No target in view!
You now have 24 gold pieces (gained 9).
You now have 30 gold pieces (gained 6).
Found a stone staircase leading down.
No target in view!
No target in view!
You now have 33 gold pieces (gained 3).
Natasha, Servant of Life and Death comes into view.
Natasha hisses angrily.
Natasha moves out of view.
No target in view!
No target in view!
Natasha is nearby!
Natasha stares at you and mumbles some strange words.
You feel yourself slow down.
Natasha stares at you and mumbles some strange words.
The magic dart hits you! 😕 HP[-7]
You take 7 damage, and now have 23/30 hp.
MASSIVE DAMAGE!! (PAUSE)
You scratch Natasha.
Natasha casts a spell.
You barely miss Natasha.
Natasha howls an incantation.
Natasha glows brightly for a moment.
Natasha closely misses you. Natasha misses you.
You scratch Natasha.
Natasha casts a spell.
You closely miss Natasha. Natasha closely misses you.
The shadow imp hits you but does no damage.
You miss Natasha. Natasha claws you but does no damage. The white imp hits you.
The white imp freezes you. You resist. The shadow imp closely misses you.
Natasha claws you but does no damage. 😮 HP[-4]
You take 4 damage, and now have 19/30 hp.
You barely miss Natasha. The white imp gestures at you.
The puff of frost hits you. You resist.
* * * LOW HITPOINT WARNING * * *
The shadow imp barely misses you. Natasha closely misses you.
The white imp hits you but does no damage. 😨 HP[-5]
You take 5 damage, and now have 14/30 hp.
Unknown command.
You closely miss Natasha. The shadow imp closely misses you. Natasha claws you.
* * * LOW HITPOINT WARNING * * *
The white imp hits you.
* * * LOW HITPOINT WARNING * * *
The white imp freezes you. You resist.
* * * LOW HITPOINT WARNING * * *
The shadow imp hits you.
* * * LOW HITPOINT WARNING * * *
😨 HP[-5]
You take 5 damage, and now have 9/30 hp.
You claw Natasha!
Natasha stares at you and mumbles some strange words.
The magic dart hits you.
* * * LOW HITPOINT WARNING * * *
The white imp hits you.
* * * LOW HITPOINT WARNING * * *
The white imp freezes you. You resist.
You die...

Skill      XL: |  1  2 |
---------------+-------+-----
Unarmed Combat | 4 |  4.1
Fighting       | |  2.7
Throwing       | |  1.7
Dodging        | |  2.6

Action                   || total
-------------------------++-------
Melee: Unarmed           ||    73
       Punch             ||     2
Armor: Leather armour    ||    24
Dodge: Dodged            ||    50

Levels and vault maps discovered:
D:1:      saegor_arrival_fortress, layout_basic,
          hellmonk_ecumenical_altar_defaced_shrine,
          chequers_serial_rivers_micro_b
D:2:      layout_rooms, uniq_natasha

Notes
Turn   | Place    | Note
-------+----------+-------------------------------------------
     0 | D:1      | kae the Ghoul Gladiator began the quest for the Orb.
     0 | D:1      | Reached XP level 1. HP: 17/17 MP: 0/0
     0 | D:1      | magus.rc [v1.11.3]
    87 | D:1      | Reached XP level 2. HP: 25/25 MP: 1/1
   135 | D:1      | Reached skill level 4 in Unarmed Combat
   253 | D:1      | Reached XP level 3. HP: 28/30 MP: 2/2
   338 | D:1      | You fall into a shaft and drop 1 floor!
   405 | D:2      | Noticed Natasha
   417 | D:2      | HP: 4/30 [Natasha/magic dart (5)]
   417 | D:2      | Slain by a white imp

Vanquished Creatures
  A ball python (D:1)
  A bat (D:1)
  2 endoplasms (D:1)
  A giant cockroach (D:1)
  3 goblins (D:1)
  3 hobgoblins (D:1)
  3 jackals (D:1)
  A kobold (D:1)
  A quokka (D:1)
  3 rats
19 creatures vanquished.

Table legend:
 A = Non-vault XP
 B = Vault XP
 C = Vault XP percentage of total XP
 D = Non-vault monster count
 E = Vault monster count
 F = Vault count percentage of total count
                 A         B        C        D         E       F
            +---------+---------+-------+---------+---------+-------
      Total |      32 |       3 |   8.6 |      17 |       2 |  10.5
            +---------+---------+-------+---------+---------+-------
        D:1 |      31 |       3 |   8.8 |      16 |       2 |  11.1
        D:2 |       1 |       0 |   0.0 |       1 |       0 |   0.0
            +---------+---------+-------+---------+---------+-------

Illustrated notes

Table legend:
 A = Kills in this place as a percentage of kills in entire the game.
 B = Kills by you in this place as a percentage of kills by you in the entire game.
 C = Kills by friends in this place as a percentage of kills by friends in the entire game.
 D = Other kills in this place as a percentage of other kills in the entire game.
 E = Experience gained in this place as a percentage of experience gained in the entire game.
 F = Experience gained in this place divided by the number of levels of this place that you have seen.
                   A       B       C       D       E      F
               +-------+-------+-------+-------+-------+----------------------
         Total | 100.0 | 100.0 |   N/A |   N/A | 100.0 |  17.5
       Dungeon | 100.0 | 100.0 |   N/A |   N/A | 100.0 |  17.5
               +-------+-------+-------+-------+-------+----------------------

Table legend: (Time is in decaauts)
 A = Elapsed time spent in this place.
 B = Non-inter-level travel time spent in this place.
 C = Inter-level travel time spent in this place.
 D = Time resting spent in this place.
 E = Time spent auto-exploring this place.
 F = Levels seen in this place.
 G = Mean time per level.
                   A        B        C        D        E       F      G
               +--------+--------+--------+--------+--------+-----+--------+
         Total |    414 |    414 |      0 |      0 |    295 |   2 |  207.0 |
       Dungeon |    414 |    414 |      0 |      0 |    295 |   2 |  207.0 |
               +--------+--------+--------+--------+--------+-----+--------+

Top non-repeatable levels by time:
     D:1: 333 daAuts
     D:2: 81 daAuts
